Atomiques vs Thunder
Created - 23 octobre 2015 at 19:00
Goals
|
| Atomiques |
0 |
2 |
2 |
4 |
| Thunder |
0 |
1 |
1 |
2 |
|
Shots
|
| Atomiques |
9 |
7 |
13 |
29 |
| Thunder |
13 |
10 |
8 |
31 |
|
1st period
No Goal
Penalties :
Nick Johnson (STB) for High sticking (Minor) at 5:59, Scott Parse (TRO) for High sticking (Minor) at 13:07
2nd period
1. Atomiques , Andrew Kozek 1 (Kyle Wharton, Alex Auld) at 4:59
2. Thunder , David Clarkson 2 (Daultan Leveillé) at 6:32
3. Atomiques , Brad Winchester 3 (Tyler Kennedy) at 8:28 (SH)
Penalties :
Casey Borer (STB) for Slashing (Minor) at 2:54, Davis Drewiske (STB) for Holding (Minor) at 8:11, John McCarthy (STB) for Hooking (Minor) at 10:33
3rd period
4. Atomiques , Brad Winchester 4 (Tyler Brenner, Tyler Kennedy) at 0:15
5. Thunder , Carl Hagelin 2 (David Fischer) at 2:32
6. Atomiques , Ryan Shannon 5 (Marc-Antoine Pouliot, Brad Winchester) at 7:33
Penalties :
Adam Hall (TRO) for Hooking (Minor) at 7:46
Goalie Stats
Alex Auld (STB), 29 saves from 31 shots - (0,935), W, 3-1-0, 60:00 minutes
Barry Brust (TRO), 25 saves from 29 shots - (0,862), L, 0-2-0, 60:00 minutes
Players Stats for Atomiques
Player Name G A P +/- PIM S H SB GA TA FO MP PP MP PK MP
------------------------------------------------------------------------------------
Alex Berry 0 0 0 -1 0 0 0 0 0 1 0/0 9:14 0:00 0:00
Andrew Kozek 1 0 1 0 0 1 1 0 1 0 0/0 13:42 0:00 1:51
Anthony Nigro 0 0 0 0 0 0 0 0 0 0 0/0 0:00 0:00 0:00
Brad Winchester 2 1 3 1 0 7 2 1 2 1 3/5 22:15 3:14 3:54
Brett Connolly 0 0 0 0 0 0 0 0 0 0 0/0 0:42 0:00 0:00
Brett Sutter 0 0 0 -1 0 0 1 0 0 1 1/2 9:06 0:00 0:37
Casey Borer 0 0 0 0 2 1 2 1 0 0 0/0 10:28 0:00 1:00
Clayton Stoner 0 0 0 0 0 0 1 0 0 1 0/0 20:05 1:23 3:54
Davis Drewiske 0 0 0 1 2 2 2 2 1 0 0/0 23:00 2:35 2:37
Drew Larman 0 0 0 0 0 0 0 0 0 0 0/0 0:21 0:00 0:00
Freddie Hamilton 0 0 0 0 0 0 0 0 0 0 0/0 0:00 0:00 0:00
John McCarthy 0 0 0 -1 2 0 1 0 0 0 0/0 7:50 0:00 0:00
Kenndal McArdle 0 0 0 2 0 2 0 1 0 0 0/0 14:11 0:44 0:50
Kyle Wharton 0 1 1 0 0 1 1 1 0 1 0/0 20:05 1:23 3:54
Mac Bennett 0 0 0 1 0 0 0 0 0 0 0/0 6:00 0:00 0:00
Marc-André Cliche 0 0 0 0 0 2 1 1 1 0 1/5 11:42 0:00 0:00
Marc-Antoine Pouliot 0 1 1 2 0 1 1 0 0 0 7/10 13:09 0:44 0:00
Nick Johnson 0 0 0 0 2 1 0 0 0 0 0/0 11:34 0:00 0:00
Roman Polak 0 0 0 1 0 0 0 0 0 0 0/0 6:27 0:00 0:25
Ryan Shannon 1 0 1 2 0 1 4 0 0 0 1/3 15:41 0:44 2:28
Scott Jackson 0 0 0 -1 0 0 0 1 0 0 0/0 9:29 0:00 0:00
Shawn Belle 0 0 0 2 0 2 1 1 0 2 0/0 24:26 2:35 4:02
Trevor Van Riemsdyk 0 0 0 0 0 0 0 0 0 0 0/0 0:00 0:00 0:00
Tyler Brenner 0 1 1 0 0 4 2 0 0 1 9/22 20:37 3:14 2:28
Tyler Kennedy 0 2 2 1 0 4 3 0 1 0 0/1 21:56 3:14 3:44
Players Stats for Thunder
Player Name G A P +/- PIM S H SB GA TA FO MP PP MP PK MP
------------------------------------------------------------------------------------
Adam Hall 0 0 0 -2 2 3 1 0 0 1 0/0 21:09 4:06 1:04
Bobby Farnham 0 0 0 -1 0 0 0 0 0 0 0/0 1:16 0:17 0:00
Brandon Mashinter 0 0 0 0 0 0 3 2 0 0 4/11 16:36 3:40 0:00
Brett Festerling 0 0 0 0 0 0 1 0 0 1 0/0 20:32 3:38 1:32
Carl Hagelin 1 0 1 1 0 1 1 0 0 0 1/1 8:41 0:00 0:01
Casey Pierro-Zabotel 0 0 0 -1 0 0 0 0 0 0 0/0 0:42 0:10 0:00
Colby Cohen 0 0 0 0 0 0 0 0 0 0 0/0 10:19 0:00 0:00
Dalton Smith 0 0 0 0 0 0 0 0 0 0 1/2 2:30 0:00 2:04
Dany Roussin 0 0 0 0 0 3 1 0 1 0 0/0 18:14 3:40 1:38
Daultan Leveillé 0 1 1 0 0 1 0 0 0 0 6/10 11:36 0:00 0:31
David Clarkson 1 0 1 -1 0 4 2 1 2 1 0/0 11:14 0:03 0:00
David Fischer 0 1 1 -2 0 0 3 1 0 1 0/0 24:32 4:18 2:26
Derek Forbort 0 0 0 0 0 0 0 0 0 0 0/0 0:00 0:00 0:00
Dmitri Orlov 0 0 0 0 0 0 1 0 0 0 0/0 4:37 0:00 0:00
Jannik Hansen 0 0 0 1 0 1 0 0 0 0 0/0 7:33 0:00 0:00
Jesse Blacker 0 0 0 0 0 1 0 0 0 0 0/0 4:37 0:00 0:00
Joey Ryan 0 0 0 0 0 2 0 2 0 0 0/0 20:32 3:38 1:32
Kelly Zajac 0 0 0 1 0 0 0 0 1 0 0/1 7:33 0:00 0:00
Mat Clark 0 0 0 0 0 0 0 0 0 0 0/0 10:19 0:00 0:00
Matt Generous 0 0 0 -2 0 3 0 0 0 2 0/0 24:32 4:18 2:26
Matt Martin 0 0 0 0 0 0 0 1 1 0 0/0 11:05 0:00 0:00
Pierre-Alexandre Parente 0 0 0 0 0 3 0 0 0 0 0/1 16:36 3:40 0:00
Scott Parse 0 0 0 -2 2 4 2 1 2 0 1/2 20:07 4:06 1:09
Taylor Doherty 0 0 0 0 0 0 0 0 0 0 0/0 0:00 0:00 0:00
Tom Pyatt 0 0 0 -2 0 5 0 0 1 0 13/20 21:08 4:06 1:29
3 Stars
1 - Brad Winchester (STB)
2 - Ryan Shannon (STB)
3 - Tyler Kennedy (STB)
Power Play
Atomiques - 0 on 2 Attempt(s) - 0,00%
Thunder - 0 on 4 Attempt(s) - 0,00%
Penalty Kill
Atomiques - 4 on 4 Attempt(s) - 100,00%
- Score 1 goal in Penalty Kill
Thunder - 2 on 2 Attempt(s) - 100,00%
- Score 0 goal in Penalty Kill
Team Stat
Atomiques - Hits : 23 - Faceoff Wins : 22 - Blocked Shots : 9 - Penalty Minutes : 8
Thunder - Hits : 15 - Faceoff Wins : 26 - Blocked Shots : 8 - Penalty Minutes : 4
Official
Referees : L'Ecuyer Frederick and Furlatt Eric
Linesman : Pierre Champoux and Thor Nelson
Game Notes
No Game Note
Finance
Level 1 -- Attendance: 1590 (79,50%) -- Ticket Income 55 650 $
Level 2 -- Attendance: 757 (75,70%) -- Ticket Income 11 355 $
Total Attendance: 2347 (78,23%)
Total Ticket Income: 67 005 $
Other Income: 3 350 $
Total Income: 70 355 $
Atomiques
5 vs 5 Forward
Center Left Wing Right Wing Time % Phy DF OF
1 Tyler Brenner Brad Winchester Tyler Kennedy 40 1 2 2
2 Marc-Antoine Pouliot Kenndal McArdle Ryan Shannon 30 1 2 2
3 Marc-André Cliche Andrew Kozek Nick Johnson 20 1 2 2
4 Brett Sutter John McCarthy Alex Berry 10 1 2 2
5 vs 5 Defense
Defense Defense Time % Phy DF OF
1 Shawn Belle Davis Drewiske 40 1 2 2
2 Clayton Stoner Kyle Wharton 30 1 2 2
3 Scott Jackson Casey Borer 20 1 2 2
4 Roman Polak Mac Bennett 10 1 2 2
PowerPlay Forward
Center Left Wing Right Wing Time % Phy DF OF
1 Tyler Brenner Brad Winchester Tyler Kennedy 60 1 2 2
2 Marc-Antoine Pouliot Kenndal McArdle Ryan Shannon 40 1 2 2
PowerPlay Defense
Defense Defense Time % Phy DF OF
1 Shawn Belle Davis Drewiske 60 1 2 2
2 Clayton Stoner Kyle Wharton 40 1 2 2
Penalty Kill 4 Players Forward
Center Wing Time % Phy DF OF
1 Brad Winchester Tyler Kennedy 60 1 2 2
2 Ryan Shannon Tyler Brenner 40 1 2 2
Penalty Kill 4 Players Defense
Defense Defense Time % Phy DF OF
1 Shawn Belle Davis Drewiske 60 1 2 2
2 Clayton Stoner Kyle Wharton 40 1 2 2
Penalty Kill - 3 Players Forward
Forward Time % Phy DF OF
1 Brad Winchester 60 1 2 2
2 Tyler Kennedy 40 1 2 2
Penalty Kill - 3 Players Defense
Defense Defense Time % Phy DF OF
1 Shawn Belle Davis Drewiske 60 1 2 2
2 Clayton Stoner Kyle Wharton 40 1 2 2
4 vs 4 Forward
Center Wing Time % Phy DF OF
1 Brad Winchester Tyler Kennedy 60 1 2 2
2 Ryan Shannon Tyler Brenner 40 1 2 2
4 vs 4 Defense
Defense Defense Time % Phy DF OF
1 Shawn Belle Davis Drewiske 60 1 2 2
2 Clayton Stoner Kyle Wharton 40 1 2 2
Last Minutes Offensive
Center Left Wing Right Wing Defense Defense
Tyler Brenner Brad Winchester Tyler Kennedy Shawn Belle Davis Drewiske
Last Minutes Defensive
Center Left Wing Right Wing Defense Defense
Tyler Brenner Brad Winchester Tyler Kennedy Shawn Belle Davis Drewiske
Goaltenders
Starting : Alex Auld
Backup : Sergei Bobrovsky
Extra Forwards
Normal : Nick Johnson, Marc-André Cliche, Andrew Kozek - PP : Nick Johnson, Marc-André Cliche - PK : Andrew Kozek
Extra Defensemen
Normal : Scott Jackson, Casey Borer, Roman Polak - PP : Scott Jackson - PK : Casey Borer, Roman Polak
Penalty Shots
Brad Winchester, Tyler Kennedy, Ryan Shannon, Tyler Brenner, Marc-Antoine Pouliot
Thunder
5 vs 5 Forward
Center Left Wing Right Wing Time % Phy DF OF
1 Tom Pyatt Scott Parse Adam Hall 40 1 2 2
2 Brandon Mashinter Dany Roussin Pierre-Alexandre Parentea30 1 2 2
3 Daultan Leveillé Matt Martin David Clarkson 20 1 2 2
4 Kelly Zajac Carl Hagelin Jannik Hansen 10 1 2 2
5 vs 5 Defense
Defense Defense Time % Phy DF OF
1 Matt Generous David Fischer 40 1 2 2
2 Joey Ryan Brett Festerling 30 1 2 2
3 Mat Clark Colby Cohen 20 1 2 2
4 Dmitri Orlov Jesse Blacker 10 1 2 2
PowerPlay Forward
Center Left Wing Right Wing Time % Phy DF OF
1 Tom Pyatt Scott Parse Adam Hall 60 1 2 2
2 Brandon Mashinter Dany Roussin Pierre-Alexandre Parentea40 1 2 2
PowerPlay Defense
Defense Defense Time % Phy DF OF
1 Matt Generous David Fischer 60 1 2 2
2 Joey Ryan Brett Festerling 40 1 2 2
Penalty Kill 4 Players Forward
Center Wing Time % Phy DF OF
1 Scott Parse Adam Hall 60 1 2 2
2 Pierre-Alexandre ParenteaDany Roussin 40 1 2 2
Penalty Kill 4 Players Defense
Defense Defense Time % Phy DF OF
1 Matt Generous David Fischer 60 1 2 2
2 Joey Ryan Brett Festerling 40 1 2 2
Penalty Kill - 3 Players Forward
Forward Time % Phy DF OF
1 Scott Parse 60 1 2 2
2 Adam Hall 40 1 2 2
Penalty Kill - 3 Players Defense
Defense Defense Time % Phy DF OF
1 Matt Generous David Fischer 60 1 2 2
2 Joey Ryan Brett Festerling 40 1 2 2
4 vs 4 Forward
Center Wing Time % Phy DF OF
1 Scott Parse Adam Hall 60 1 2 2
2 Pierre-Alexandre ParenteaDany Roussin 40 1 2 2
4 vs 4 Defense
Defense Defense Time % Phy DF OF
1 Matt Generous David Fischer 60 1 2 2
2 Joey Ryan Brett Festerling 40 1 2 2
Last Minutes Offensive
Center Left Wing Right Wing Defense Defense
Tom Pyatt Scott Parse Adam Hall Matt Generous David Fischer
Last Minutes Defensive
Center Left Wing Right Wing Defense Defense
Tom Pyatt Scott Parse Adam Hall Matt Generous David Fischer
Goaltenders
Starting : Barry Brust
Backup : Corey Crawford
Extra Forwards
Normal : Bobby Farnham, Casey Pierro-Zabotel, Dalton Smith - PP : Bobby Farnham, Casey Pierro-Zabotel - PK : Dalton Smith
Extra Defensemen
Normal : Taylor Doherty, Derek Forbort, Mat Clark - PP : Taylor Doherty - PK : Derek Forbort, Mat Clark
Penalty Shots
Scott Parse, Adam Hall, Pierre-Alexandre Parenteau, Dany Roussin, Matt Martin
% Time on Ice - Atomiques
Lines # - Real PCT - Wanted PCT - Time Play
Normal Forward
1 - 32% - 40% - 15:30
2 - 30% - 30% - 14:25
3 - 22% - 20% - 10:22
4 - 16% - 10% - 7:49
Normal Defense
1 - 37% - 40% - 17:49
2 - 31% - 30% - 14:48
3 - 20% - 20% - 9:29
4 - 12% - 10% - 6:00
PP Forward
1 - 82% - 60% - 3:14
2 - 18% - 40% - 0:44
PP Defense
1 - 65% - 60% - 2:35
2 - 35% - 40% - 1:23
PK Forward
1 - 69% - 60% - 5:28
2 - 31% - 40% - 2:28
PK Defense
1 - 51% - 60% - 4:02
2 - 49% - 40% - 3:54
PK3 Forward
1 - 0% - 60%
2 - 0% - 40%
PK3 Defense
1 - 0% - 60%
2 - 0% - 40%
44 Forward
1 - 0% - 60%
2 - 0% - 40%
44 Defense
1 - 0% - 60%
2 - 0% - 40%
Last Minute Offensive - 0:00
Last Minute Defensive - 0:00
Total
Forward - 60:00
Defense - 60:00
|
% Time on Ice - Thunder
Lines # - Real PCT - Wanted PCT - Time Play
Normal Forward
1 - 34% - 40% - 16:32
2 - 27% - 30% - 12:56
3 - 23% - 20% - 11:05
4 - 16% - 10% - 7:33
Normal Defense
1 - 37% - 40% - 17:48
2 - 32% - 30% - 15:22
3 - 21% - 20% - 10:19
4 - 10% - 10% - 4:37
PP Forward
1 - 54% - 60% - 4:16
2 - 46% - 40% - 3:40
PP Defense
1 - 54% - 60% - 4:18
2 - 46% - 40% - 3:38
PK Forward
1 - 100% - 60% - 3:58
2 - 0% - 40% - 0:00
PK Defense
1 - 61% - 60% - 2:26
2 - 39% - 40% - 1:32
PK3 Forward
1 - 0% - 60%
2 - 0% - 40%
PK3 Defense
1 - 0% - 60%
2 - 0% - 40%
44 Forward
1 - 0% - 60%
2 - 0% - 40%
44 Defense
1 - 0% - 60%
2 - 0% - 40%
Last Minute Offensive - 0:00
Last Minute Defensive - 0:00
Total
Forward - 60:00
Defense - 60:00
|
Play by Play
1st period
0:01 of 1st period - Tyler Brenner wins face-off versus Tom Pyatt in neutral zone.
0:06 of 1st period - Snap shot by Tyler Brenner.
0:06 of 1st period - Shot Misses the Net.
0:30 of 1st period - Off-side.
0:31 of 1st period - Brandon Mashinter wins face-off versus Marc-André Cliche in neutral zone.
1:16 of 1st period - Wrist shot by Pierre-Alexandre Parenteau.
1:16 of 1st period - Deflect By Ryan Shannon.
1:16 of 1st period - Shot Misses the Net.
1:16 of 1st period - Puck is out of play.
1:17 of 1st period - Daultan Leveillé wins face-off versus Tyler Brenner in Atomiques zone.
1:18 of 1st period - Wrist shot by David Clarkson.
1:18 of 1st period - Stopped by Alex Auld without a rebound.
1:19 of 1st period - Daultan Leveillé wins face-off versus Tyler Brenner in Atomiques zone.
1:22 of 1st period - Snap shot by Daultan Leveillé.
1:22 of 1st period - Stopped by Alex Auld with a rebound.
1:24 of 1st period - Wrist shot by David Clarkson.
1:24 of 1st period - Shot Misses the Net.
1:26 of 1st period - Slapshot by Jesse Blacker.
1:26 of 1st period - Stopped by Alex Auld with a rebound.
1:28 of 1st period - Wrist shot by David Clarkson.
1:28 of 1st period - Shot Blocked by Brad Winchester.
1:44 of 1st period - Tyler Kennedy is hit by Dmitri Orlov and loses puck.
1:57 of 1st period - Carl Hagelin is hit by Brad Winchester.
2:40 of 1st period - Wrist shot by Marc-Antoine Pouliot.
2:40 of 1st period - Stopped by Barry Brust without a rebound.
2:41 of 1st period - Daultan Leveillé wins face-off versus Marc-Antoine Pouliot in Thunder zone.
2:41 of 1st period - Daultan Leveillé is hit by Davis Drewiske.
3:27 of 1st period - Wrist shot by Carl Hagelin.
3:27 of 1st period - Shot Blocked by Shawn Belle.
3:43 of 1st period - Snap shot by Marc-André Cliche.
3:43 of 1st period - Shot Blocked by Brandon Mashinter.
3:49 of 1st period - Snap shot by Nick Johnson.
3:49 of 1st period - Stopped by Barry Brust without a rebound.
3:50 of 1st period - Tyler Brenner wins face-off versus Brandon Mashinter in Thunder zone.
3:53 of 1st period - Wrist shot by Tyler Kennedy.
3:53 of 1st period - Shot Misses the Net.
4:10 of 1st period - Snap shot by Dany Roussin.
4:10 of 1st period - Shot Misses the Net.
4:12 of 1st period - Slapshot by Matt Generous.
4:12 of 1st period - Stopped by Alex Auld with a rebound.
4:24 of 1st period - Snap shot by Tyler Kennedy.
4:24 of 1st period - Shot Misses the Net.
4:26 of 1st period - Snap shot by Brad Winchester.
4:26 of 1st period - Deflect By Tyler Kennedy.
4:26 of 1st period - Stopped by Barry Brust with a rebound.
4:42 of 1st period - Snap shot by Tyler Kennedy.
4:42 of 1st period - Stopped by Barry Brust with a rebound.
4:44 of 1st period - Slapshot by Tyler Brenner.
4:44 of 1st period - Shot Misses the Net.
4:46 of 1st period - Slapshot by Kyle Wharton.
4:46 of 1st period - Shot Misses the Net.
5:08 of 1st period - Backhand shot by Tyler Kennedy.
5:08 of 1st period - Deflect By Brandon Mashinter.
5:08 of 1st period - Shot Misses the Net.
5:08 of 1st period - Puck is out of play.
5:09 of 1st period - Marc-Antoine Pouliot wins face-off versus Tom Pyatt in Thunder zone.
5:36 of 1st period - Mac Bennett is hit by David Clarkson and loses puck.
5:57 of 1st period - Snap shot by Jannik Hansen.
5:57 of 1st period - Stopped by Alex Auld with a rebound.
5:59 of 1st period - Minor Penalty to Nick Johnson for High sticking.
6:00 of 1st period - Brad Winchester wins face-off versus Tom Pyatt in Atomiques zone.
7:23 of 1st period - Icing by David Fischer.
7:24 of 1st period - Ryan Shannon wins face-off versus Brandon Mashinter in Thunder zone.
7:59 of 1st period - Penalty to Nick Johnson is over, Nick Johnson is back on ice.
8:06 of 1st period - Snap shot by Ryan Shannon.
8:06 of 1st period - Shot Misses the Net.
8:08 of 1st period - Slapshot by Davis Drewiske.
8:08 of 1st period - Stopped by Barry Brust without a rebound.
8:09 of 1st period - Marc-Antoine Pouliot wins face-off versus Daultan Leveillé in Thunder zone.
8:33 of 1st period - Off-side.
8:34 of 1st period - Marc-André Cliche wins face-off versus Kelly Zajac in neutral zone.
9:24 of 1st period - Snap shot by Brad Winchester.
9:24 of 1st period - Shot Misses the Net.
9:26 of 1st period - Slapshot by Kyle Wharton.
9:26 of 1st period - Stopped by Barry Brust with a rebound.
9:28 of 1st period - Snap shot by Tyler Kennedy.
9:28 of 1st period - Stopped by Barry Brust with a rebound.
9:30 of 1st period - Wrist shot by Tyler Kennedy.
9:30 of 1st period - Shot Misses the Net.
10:05 of 1st period - Icing by Scott Parse.
10:06 of 1st period - Tom Pyatt wins face-off versus Tyler Brenner in Thunder zone.
10:27 of 1st period - Slapshot by Tom Pyatt.
10:27 of 1st period - Stopped by Alex Auld with a rebound.
10:29 of 1st period - Wrist shot by Tom Pyatt.
10:29 of 1st period - Shot Misses the Net.
10:31 of 1st period - Wrist shot by Tom Pyatt.
10:31 of 1st period - Shot Misses the Net.
10:33 of 1st period - Slapshot by Joey Ryan.
10:33 of 1st period - Deflect By Marc-Antoine Pouliot.
10:33 of 1st period - Stopped by Alex Auld with a rebound.
10:49 of 1st period - Wrist shot by Tom Pyatt.
10:49 of 1st period - Shot Misses the Net.
11:01 of 1st period - Snap shot by Scott Parse.
11:01 of 1st period - Stopped by Alex Auld with a rebound.
11:03 of 1st period - Slapshot by Scott Parse.
11:03 of 1st period - Shot Blocked by Casey Borer.
11:05 of 1st period - Snap shot by Scott Parse.
11:05 of 1st period - Stopped by Alex Auld with a rebound.
11:11 of 1st period - Wrist shot by Tom Pyatt.
11:11 of 1st period - Stopped by Alex Auld without a rebound.
11:12 of 1st period - Tyler Brenner wins face-off versus Brandon Mashinter in Atomiques zone.
11:17 of 1st period - Wrist shot by Pierre-Alexandre Parenteau.
11:17 of 1st period - Shot Misses the Net.
11:20 of 1st period - Icing by Davis Drewiske.
11:21 of 1st period - Brandon Mashinter wins face-off versus Tyler Kennedy in Atomiques zone.
11:26 of 1st period - Snap shot by Dany Roussin.
11:26 of 1st period - Stopped by Alex Auld with a rebound.
11:43 of 1st period - Snap shot by Tyler Kennedy.
11:43 of 1st period - Shot Blocked by David Fischer.
11:49 of 1st period - Wrist shot by Tyler Kennedy.
11:49 of 1st period - Stopped by Barry Brust without a rebound.
11:50 of 1st period - Marc-Antoine Pouliot wins face-off versus Daultan Leveillé in Thunder zone.
12:01 of 1st period - Slapshot by Kenndal McArdle.
12:01 of 1st period - Stopped by Barry Brust with a rebound.
12:36 of 1st period - Marc-André Cliche is hit by Brandon Mashinter and loses puck.
13:07 of 1st period - Minor Penalty to Scott Parse for High sticking.
13:08 of 1st period - Dalton Smith wins face-off versus Tyler Brenner in Thunder zone.
13:16 of 1st period - Slapshot by Matt Generous.
13:16 of 1st period - Stopped by Alex Auld without a rebound.
13:17 of 1st period - Tyler Brenner wins face-off versus Dalton Smith in Atomiques zone.
13:57 of 1st period - Snap shot by Ryan Shannon.
13:57 of 1st period - Shot Blocked by Joey Ryan.
14:11 of 1st period - Joey Ryan is hit by Tyler Kennedy.
15:07 of 1st period - Penalty to Scott Parse is over, Scott Parse is back on ice.
15:19 of 1st period - Snap shot by Carl Hagelin.
15:19 of 1st period - Shot Misses the Net.
15:21 of 1st period - Slapshot by Matt Generous.
15:21 of 1st period - Deflect By Clayton Stoner.
15:21 of 1st period - Stopped by Alex Auld with a rebound.
16:22 of 1st period - Brett Sutter is hit by Carl Hagelin and loses puck.
16:34 of 1st period - Jannik Hansen is hit by John McCarthy and loses puck.
16:55 of 1st period - Shawn Belle is hit by Dany Roussin and loses puck.
17:00 of 1st period - Snap shot by Dany Roussin.
17:00 of 1st period - Shot Misses the Net.
17:02 of 1st period - Wrist shot by Brandon Mashinter.
17:02 of 1st period - Shot Misses the Net.
18:35 of 1st period - Pierre-Alexandre Parenteau is hit by Casey Borer and loses puck.
19:31 of 1st period - Slapshot by Nick Johnson.
19:31 of 1st period - Shot Misses the Net.
19:33 of 1st period - Slapshot by Clayton Stoner.
19:33 of 1st period - Shot Blocked by David Clarkson.
19:35 of 1st period - Snap shot by Andrew Kozek.
19:35 of 1st period - Shot Blocked by Joey Ryan.
19:50 of 1st period - Brandon Mashinter is hit by Tyler Kennedy and loses puck.
Goals for this period are 0 for Atomiques vs 0 for Thunder.
Shots for this period are 9 for Atomiques vs 13 for Thunder.
2nd period
0:01 of 2nd period - Tom Pyatt wins face-off versus Tyler Brenner in neutral zone.
0:04 of 2nd period - Snap shot by Scott Parse.
0:04 of 2nd period - Stopped by Alex Auld without a rebound.
0:05 of 2nd period - Tyler Brenner wins face-off versus Tom Pyatt in Atomiques zone.
0:16 of 2nd period - Slapshot by Tyler Kennedy.
0:16 of 2nd period - Shot Misses the Net.
0:50 of 2nd period - Backhand shot by Adam Hall.
0:50 of 2nd period - Deflect By Scott Parse.
0:50 of 2nd period - Stopped by Alex Auld with a rebound.
0:52 of 2nd period - Snap shot by Tom Pyatt.
0:52 of 2nd period - Deflect By Adam Hall.
0:52 of 2nd period - Stopped by Alex Auld with a rebound.
1:06 of 2nd period - Wrist shot by Tyler Brenner.
1:06 of 2nd period - Stopped by Barry Brust with a rebound.
1:51 of 2nd period - Wrist shot by Tyler Kennedy.
1:51 of 2nd period - Deflect By Brad Winchester.
1:51 of 2nd period - Stopped by Barry Brust without a rebound.
1:52 of 2nd period - Marc-Antoine Pouliot wins face-off versus Brandon Mashinter in Thunder zone.
1:57 of 2nd period - Slapshot by Kenndal McArdle.
1:57 of 2nd period - Shot Misses the Net.
2:00 of 2nd period - Icing by Brandon Mashinter.
2:01 of 2nd period - Marc-Antoine Pouliot wins face-off versus Brandon Mashinter in Thunder zone.
2:18 of 2nd period - Wrist shot by Kenndal McArdle.
2:18 of 2nd period - Stopped by Barry Brust with a rebound.
2:30 of 2nd period - Snap shot by Dany Roussin.
2:30 of 2nd period - Shot Blocked by Kenndal McArdle.
2:32 of 2nd period - Wrist shot by Pierre-Alexandre Parenteau.
2:32 of 2nd period - Stopped by Alex Auld without a rebound.
2:33 of 2nd period - Daultan Leveillé wins face-off versus Marc-André Cliche in Atomiques zone.
2:44 of 2nd period - Snap shot by Daultan Leveillé.
2:44 of 2nd period - Shot Misses the Net.
2:46 of 2nd period - Slapshot by Daultan Leveillé.
2:46 of 2nd period - Shot Misses the Net.
2:48 of 2nd period - Slapshot by Mat Clark.
2:48 of 2nd period - Shot Blocked by Scott Jackson.
2:54 of 2nd period - Minor Penalty to Casey Borer for Slashing.
2:55 of 2nd period - Brad Winchester wins face-off versus Pierre-Alexandre Parenteau in Atomiques zone.
3:20 of 2nd period - Matt Generous is hit by Davis Drewiske and loses puck.
4:54 of 2nd period - Penalty to Casey Borer is over, Casey Borer is back on ice.
4:59 of 2nd period - Snap shot by Andrew Kozek.
4:59 of 2nd period - Goal by Andrew Kozek - Atomiques : 1 - Thunder : 0.
5:00 of 2nd period - Tyler Brenner wins face-off versus Daultan Leveillé in neutral zone.
6:32 of 2nd period - Snap shot by David Clarkson.
6:32 of 2nd period - Goal by David Clarkson - Atomiques : 1 - Thunder : 1.
6:33 of 2nd period - Tyler Brenner wins face-off versus Tom Pyatt in neutral zone.
6:46 of 2nd period - Snap shot by Adam Hall.
6:46 of 2nd period - Shot Blocked by Davis Drewiske.
7:21 of 2nd period - Daultan Leveillé is hit by Kyle Wharton and loses puck.
8:11 of 2nd period - Minor Penalty to Davis Drewiske for Holding.
8:12 of 2nd period - Tom Pyatt wins face-off versus Brad Winchester in Atomiques zone.
8:24 of 2nd period - Snap shot by Brad Winchester.
8:24 of 2nd period - Stopped by Barry Brust with a rebound.
8:26 of 2nd period - Wrist shot by Tyler Kennedy.
8:26 of 2nd period - Shot Misses the Net.
8:28 of 2nd period - Wrist shot by Brad Winchester.
8:28 of 2nd period - Goal by Brad Winchester - Atomiques : 2 - Thunder : 1.
8:29 of 2nd period - Tom Pyatt wins face-off versus Brad Winchester in neutral zone.
10:11 of 2nd period - Penalty to Davis Drewiske is over, Davis Drewiske is back on ice.
10:33 of 2nd period - Minor Penalty to John McCarthy for Hooking.
10:34 of 2nd period - Brad Winchester wins face-off versus Tom Pyatt in Atomiques zone.
10:34 of 2nd period - Brad Winchester is hit by Scott Parse.
11:15 of 2nd period - Off-side.
11:16 of 2nd period - Tom Pyatt wins face-off versus Ryan Shannon in neutral zone.
11:39 of 2nd period - Clayton Stoner is hit by David Fischer and loses puck.
11:54 of 2nd period - Tyler Kennedy is hit by Scott Parse.
12:33 of 2nd period - Penalty to John McCarthy is over, John McCarthy is back on ice.
12:44 of 2nd period - Snap shot by David Clarkson.
12:44 of 2nd period - Shot Blocked by Marc-André Cliche.
13:18 of 2nd period - Snap shot by Adam Hall.
13:18 of 2nd period - Stopped by Alex Auld without a rebound.
13:19 of 2nd period - Tom Pyatt wins face-off versus Ryan Shannon in Atomiques zone.
13:20 of 2nd period - Snap shot by Adam Hall.
13:20 of 2nd period - Shot Misses the Net.
14:06 of 2nd period - Snap shot by Tom Pyatt.
14:06 of 2nd period - Stopped by Alex Auld with a rebound.
14:08 of 2nd period - Snap shot by Scott Parse.
14:08 of 2nd period - Shot Misses the Net.
14:10 of 2nd period - Wrist shot by Tom Pyatt.
14:10 of 2nd period - Stopped by Alex Auld with a rebound.
14:16 of 2nd period - Slapshot by Tom Pyatt.
14:16 of 2nd period - Shot Misses the Net.
14:20 of 2nd period - Wrist shot by Tom Pyatt.
14:20 of 2nd period - Stopped by Alex Auld without a rebound.
14:21 of 2nd period - Brandon Mashinter wins face-off versus Marc-Antoine Pouliot in Atomiques zone.
14:26 of 2nd period - Snap shot by Dany Roussin.
14:26 of 2nd period - Shot Misses the Net.
14:34 of 2nd period - Dany Roussin is hit by Marc-Antoine Pouliot and loses puck.
15:16 of 2nd period - Wrist shot by John McCarthy.
15:16 of 2nd period - Shot Misses the Net.
15:34 of 2nd period - Snap shot by Dany Roussin.
15:34 of 2nd period - Stopped by Alex Auld with a rebound.
15:40 of 2nd period - Slapshot by Alex Berry.
15:40 of 2nd period - Shot Misses the Net.
15:42 of 2nd period - Snap shot by John McCarthy.
15:42 of 2nd period - Shot Blocked by Matt Martin.
16:06 of 2nd period - Adam Hall is hit by Ryan Shannon and loses puck.
17:45 of 2nd period - Shawn Belle is hit by David Clarkson and loses puck.
17:57 of 2nd period - Off-side.
17:58 of 2nd period - Brett Sutter wins face-off versus Brandon Mashinter in neutral zone.
18:21 of 2nd period - Scott Jackson is hit by Brandon Mashinter and loses puck.
18:31 of 2nd period - Off-side.
18:32 of 2nd period - Tom Pyatt wins face-off versus Tyler Brenner in neutral zone.
18:43 of 2nd period - Joey Ryan is hit by Tyler Brenner and loses puck.
18:58 of 2nd period - Joey Ryan is hit by Ryan Shannon and loses puck.
19:25 of 2nd period - Snap shot by Nick Johnson.
19:25 of 2nd period - Shot Misses the Net.
19:27 of 2nd period - Slapshot by Casey Borer.
19:27 of 2nd period - Stopped by Barry Brust with a rebound.
19:41 of 2nd period - Brandon Mashinter is hit by Casey Borer and loses puck.
Goals for this period are 2 for Atomiques vs 1 for Thunder.
Shots for this period are 7 for Atomiques vs 10 for Thunder.
3rd period
0:01 of 3rd period - Tom Pyatt wins face-off versus Tyler Brenner in neutral zone.
0:09 of 3rd period - Wrist shot by Brad Winchester.
0:09 of 3rd period - Stopped by Barry Brust with a rebound.
0:11 of 3rd period - Snap shot by Tyler Brenner.
0:11 of 3rd period - Stopped by Barry Brust with a rebound.
0:13 of 3rd period - Snap shot by Tyler Brenner.
0:13 of 3rd period - Shot Misses the Net.
0:15 of 3rd period - Snap shot by Brad Winchester.
0:15 of 3rd period - Goal by Brad Winchester - Atomiques : 3 - Thunder : 1.
0:16 of 3rd period - Tyler Brenner wins face-off versus Tom Pyatt in neutral zone.
0:21 of 3rd period - Wrist shot by Tyler Kennedy.
0:21 of 3rd period - Shot Misses the Net.
0:23 of 3rd period - Snap shot by Shawn Belle.
0:23 of 3rd period - Stopped by Barry Brust with a rebound.
0:25 of 3rd period - Wrist shot by Tyler Brenner.
0:25 of 3rd period - Stopped by Barry Brust with a rebound.
0:31 of 3rd period - Wrist shot by Brad Winchester.
0:31 of 3rd period - Shot Misses the Net.
0:48 of 3rd period - Snap shot by Marc-Antoine Pouliot.
0:48 of 3rd period - Shot Blocked by Brandon Mashinter.
1:04 of 3rd period - Icing by Ryan Shannon.
1:05 of 3rd period - Marc-Antoine Pouliot wins face-off versus Daultan Leveillé in Atomiques zone.
1:40 of 3rd period - Snap shot by Marc-André Cliche.
1:40 of 3rd period - Stopped by Barry Brust with a rebound.
1:56 of 3rd period - Slapshot by Adam Hall.
1:56 of 3rd period - Stopped by Alex Auld with a rebound.
2:16 of 3rd period - Snap shot by Pierre-Alexandre Parenteau.
2:16 of 3rd period - Stopped by Alex Auld without a rebound.
2:17 of 3rd period - Carl Hagelin wins face-off versus Brett Sutter in Atomiques zone.
2:30 of 3rd period - Snap shot by Carl Hagelin.
2:30 of 3rd period - Shot Misses the Net.
2:32 of 3rd period - Slapshot by Carl Hagelin.
2:32 of 3rd period - Goal by Carl Hagelin - Atomiques : 3 - Thunder : 2.
2:33 of 3rd period - Tom Pyatt wins face-off versus Tyler Brenner in neutral zone.
2:44 of 3rd period - Snap shot by Adam Hall.
2:44 of 3rd period - Deflect By Scott Parse.
2:44 of 3rd period - Shot Blocked by Davis Drewiske.
2:44 of 3rd period - Puck is out of play.
2:45 of 3rd period - Tom Pyatt wins face-off versus Tyler Brenner in Atomiques zone.
2:51 of 3rd period - Icing by Tyler Kennedy.
2:52 of 3rd period - Tom Pyatt wins face-off versus Tyler Brenner in Atomiques zone.
3:25 of 3rd period - Pierre-Alexandre Parenteau is hit by Ryan Shannon and loses puck.
3:40 of 3rd period - Wrist shot by Matt Martin.
3:40 of 3rd period - Deflect By David Clarkson.
3:40 of 3rd period - Shot Misses the Net.
3:40 of 3rd period - Puck is out of play.
3:41 of 3rd period - Daultan Leveillé wins face-off versus Marc-André Cliche in Atomiques zone.
3:58 of 3rd period - David Clarkson is hit by Marc-André Cliche.
4:42 of 3rd period - David Clarkson is hit by Clayton Stoner and loses puck.
4:55 of 3rd period - Slapshot by Andrew Kozek.
4:55 of 3rd period - Shot Misses the Net.
4:57 of 3rd period - Slapshot by Nick Johnson.
4:57 of 3rd period - Deflect By Marc-André Cliche.
4:57 of 3rd period - Stopped by Barry Brust without a rebound.
4:58 of 3rd period - Tom Pyatt wins face-off versus Tyler Brenner in Thunder zone.
4:58 of 3rd period - Tom Pyatt is hit by Brad Winchester.
5:23 of 3rd period - Kenndal McArdle is hit by David Fischer and loses puck.
6:14 of 3rd period - Slapshot by Tyler Kennedy.
6:14 of 3rd period - Shot Blocked by Scott Parse.
6:27 of 3rd period - Icing by Pierre-Alexandre Parenteau.
6:28 of 3rd period - Marc-Antoine Pouliot wins face-off versus Brandon Mashinter in Thunder zone.
7:33 of 3rd period - Snap shot by Ryan Shannon.
7:33 of 3rd period - Goal by Ryan Shannon - Atomiques : 4 - Thunder : 2.
7:34 of 3rd period - Tom Pyatt wins face-off versus Tyler Brenner in neutral zone.
7:46 of 3rd period - Minor Penalty to Adam Hall for Hooking.
7:47 of 3rd period - Tyler Brenner wins face-off versus Scott Parse in Thunder zone.
7:55 of 3rd period - Snap shot by Tyler Kennedy.
7:55 of 3rd period - Shot Misses the Net.
7:57 of 3rd period - Slapshot by Davis Drewiske.
7:57 of 3rd period - Deflect By Scott Parse.
7:57 of 3rd period - Stopped by Barry Brust with a rebound.
7:59 of 3rd period - Snap shot by Tyler Brenner.
7:59 of 3rd period - Stopped by Barry Brust without a rebound.
8:00 of 3rd period - Scott Parse wins face-off versus Tyler Brenner in Thunder zone.
8:26 of 3rd period - Davis Drewiske is hit by David Fischer and loses puck.
9:01 of 3rd period - Tom Pyatt is hit by Shawn Belle and loses puck.
9:27 of 3rd period - Matt Generous is hit by Tyler Kennedy and loses puck.
9:46 of 3rd period - Penalty to Adam Hall is over, Adam Hall is back on ice.
10:23 of 3rd period - Snap shot by Tyler Kennedy.
10:23 of 3rd period - Shot Misses the Net.
10:29 of 3rd period - Snap shot by Brad Winchester.
10:29 of 3rd period - Stopped by Barry Brust with a rebound.
10:31 of 3rd period - Slapshot by Shawn Belle.
10:31 of 3rd period - Deflect By Dmitri Orlov.
10:31 of 3rd period - Stopped by Barry Brust with a rebound.
10:33 of 3rd period - Wrist shot by Brad Winchester.
10:33 of 3rd period - Stopped by Barry Brust with a rebound.
10:37 of 3rd period - Snap shot by Brad Winchester.
10:37 of 3rd period - Shot Misses the Net.
10:52 of 3rd period - Off-side.
10:53 of 3rd period - Brandon Mashinter wins face-off versus Marc-Antoine Pouliot in neutral zone.
11:08 of 3rd period - Wrist shot by Pierre-Alexandre Parenteau.
11:08 of 3rd period - Stopped by Alex Auld without a rebound.
11:09 of 3rd period - Daultan Leveillé wins face-off versus Marc-André Cliche in Atomiques zone.
11:18 of 3rd period - Wrist shot by David Clarkson.
11:18 of 3rd period - Stopped by Alex Auld with a rebound.
11:59 of 3rd period - John McCarthy is hit by Brett Festerling and loses puck.
12:54 of 3rd period - Snap shot by Dany Roussin.
12:54 of 3rd period - Stopped by Alex Auld with a rebound.
13:24 of 3rd period - Brett Sutter is hit by Adam Hall and loses puck.
14:05 of 3rd period - Snap shot by Carl Hagelin.
14:05 of 3rd period - Shot Blocked by Kyle Wharton.
14:23 of 3rd period - John McCarthy is hit by Brandon Mashinter.
14:53 of 3rd period - Slapshot by Joey Ryan.
14:53 of 3rd period - Stopped by Alex Auld with a rebound.
15:35 of 3rd period - Adam Hall is hit by Brett Sutter.
15:45 of 3rd period - Snap shot by David Clarkson.
15:45 of 3rd period - Stopped by Alex Auld with a rebound.
16:26 of 3rd period - Colby Cohen is hit by Ryan Shannon and loses puck.
19:17 of 3rd period - Scott Parse is hit by Tyler Brenner and loses puck.
19:37 of 3rd period - Colby Cohen is hit by Andrew Kozek.
Goals for this period are 2 for Atomiques vs 1 for Thunder.
Shots for this period are 13 for Atomiques vs 8 for Thunder.
Output by the SimonT Hockey Simulator (STHS) for François Prévost -- Original Page W3C XHTML 1.0 Valid